 Dungeon Crawl Stone Soup version 0.31-a0-188-g5e087ee2ca (webtiles) character file.

Game seed: 771719515498982744

310 qw the Skirmisher (level 6, 0/35 HPs)
             Began as a Deep Elf Hunter on June 22, 2023.
             Was an Initiate of Okawaru.
             Killed from afar by a white imp (4 damage)
             ... with a puff of frost
             ... summoned by Eustachio
             ... on level 5 of the Dungeon.
             The game lasted 00:01:20 (2930 turns).

qw the Skirmisher (Deep Elf Hunter)                 Turns: 2930, Time: 00:01:20

Health: 0/35       AC:  9    Str: 10      XL:     6   Next: 17%
Magic:  8/8        EV: 11    Int: 12 (14) God:    Okawaru [......]
Gold:   207        SH:  0    Dex: 17 (18) Spells: 5/5 levels left

rFire   + . .        h - +1 shortbow (heavy)
rCold   . . .        (shield currently unavailable)
rNeg    . . .        d - +0 ring mail
rPois   .            c - +2 helmet
rElec   .            (no cloak)
rCorr   .            (no gloves)
SInv    .            l - +0 pair of boots
Will    .....        (no amulet)
Stlth   +            b - ring of protection from fire
HPRegen 0.25/turn    (no ring)
MPRegen 0.11/turn

%: no passive effects
@: no status effects
A: no striking features
a: Renounce Religion


You were on level 5 of the Dungeon.
You worshipped Okawaru.
Okawaru was noncommittal.
You visited 2 branches of the dungeon, and saw 6 of its levels.

You collected 207 gold pieces.


   Skills:
 - Level 2.0 Fighting
 + Level 9.3 Ranged Weapons
 - Level 1.2 Armour
 - Level 2.4 Dodging
 - Level 1.2 Stealth


You had 5 spell levels left.
You didn't know any spells.
Your spell library was empty.

Inventory:

Hand Weapons
 h - a +1 heavy shortbow (weapon)
Armour
 c - a +2 helmet (worn)
 d - a +0 ring mail (worn)
 j - the +0 robe of the Enchanted Forest {+Inv rElec rPois rF-}
   (You found it on level 4 of the Dungeon)

   rF:        It makes you vulnerable to fire.
   rElec:     It insulates you from electricity.
   rPois:     It protects you from poison.
   +Inv:      It lets you turn invisible.
 l - a +0 pair of boots (worn)
Jewellery
 b - a ring of protection from fire (left hand)
Scrolls
 k - a scroll of teleportation
Potions
 a - a potion of curing
 e - a potion of berserk rage {unknown}
 f - a potion of haste
 g - a potion of heal wounds
 i - a potion of might

Dungeon Overview and Level Annotations

Branches:
Dungeon (5/15)             Temple (1/1) D:4

Altars:
Cheibriados
Dithmenos
Elyvilon
Fedhas
Gozag
Hepliaklqana
Kikubaaqudgha
Makhleb
Nemelex Xobeh
Okawaru
Trog
Uskayaw
Wu Jian
Yredelemnul
Zin
The Shining One

Annotations:
D:3 2 transporters, qw's ghost, weakling DEHu
D:4 1 transporter, qw's ghost, amateur GrFi
D:5 Eustachio


Message History

Eustachio blinks!
The iguana misses you.
You shoot an arrow. The arrow hits the iguana!
The iguana is severely wounded.
The shadow imp hits you. The iguana bites you.
You shoot an arrow. The arrow hits the iguana.
The iguana is almost dead.
Eustachio says, "My allies will avenge me."
The iguana barely misses you. x2
Eustachio says, "Summoning is fun!"
You shoot an arrow. The arrow hits the iguana!!
You kill the iguana!
Okawaru accepts your kill. The iron imp hits you.
The white imp barely misses you. The iron imp hits you.
You shoot an arrow. The arrow hits the iron imp!
The iron imp is heavily wounded.
The white imp closely misses you. The iron imp hits you.
The white imp barely misses you.
You shoot an arrow. The arrow closely misses the iron imp.
Eustachio gestures wildly while chanting.
The iron imp hits you.
The white imp hits you but does no damage.
You shoot an arrow. The arrow barely misses the iron imp.
The iron imp disappears in a puff of smoke!
The white imp hits you but does no damage.
The bat hits you. The white imp gestures at you. The puff of frost misses you.
You shoot an arrow.
The arrow hits the white imp but does no damage.
The bat closely misses you. The bat hits you but does no damage.
Eustachio gestures wildly while chanting.
Eustachio blinks!
The white imp hits you. The white imp freezes you.
You shoot an arrow.
The arrow hits the white imp but does no damage.
The bat hits you but does no damage. The white imp gestures at you.
The puff of frost hits you. The white imp gestures at you.
The puff of frost hits you.
You die...

# . .#
#############.###.
#.................
#@########........
#5br.....<........
#5.#...###........
#..#..#..#........
#..# .. .....#.##
#..# .#####.# #
#... . .# .... .#


You could see a white imp (summoned), a shadow imp (summoned), a quokka
(summoned) and a bat (summoned).

Vanquished Creatures
  An orc priest (D:3)
  3 iguanas
  3 gnolls (D:2)
  6 adders
  4 worms
  4 dart slugs
  8 orcs (D:3)
  14 endoplasms
  3 giant cockroaches
  9 goblins
  5 hobgoblins
  3 jackals (D:1)
  9 kobolds
  2 quokkas (D:4)
  5 ball pythons
  5 bats
  4 frilled lizards
  8 rats
96 creatures vanquished.

Notes
Turn   | Place    | Note
-------+----------+-------------------------------------------
     0 | D:1      | qw the Deep Elf Hunter began the quest for the Orb.
     0 | D:1      | Reached XP level 1. HP: 12/12 MP: 3/3
     0 | D:1      | 0 ||| qw: Version: 0.3-a-9-g12657ce
     0 | D:1      | 0 ||| qw: Game counter: 3015
     0 | D:1      | 0 ||| qw: Always use a shield: true
     0 | D:1      | 0 ||| qw: God list: Okawaru
     0 | D:1      | 0 ||| qw: Allow faded altars: false
     0 | D:1      | 0 ||| qw: Do Orc after D:15 true
     0 | D:1      | 0 ||| qw: Do second Lair branch before Depths: true
     0 | D:1      | 0 ||| qw: Lair rune preference: random
     0 | D:1      | 0 ||| qw: Plans: Normal
     0 | D:1      | 0 ||| PLANNING D:1-11
   139 | D:1      | 139 ||| FLEEEEING.
   140 | D:1      | 140 ||| FLEEEEING.
   148 | D:1      | Reached XP level 2. HP: 16/16 MP: 4/4
   167 | D:1      | Reached skill level 6 in Ranged Weapons
   200 | D:1      | 200 ||| UPGRADING to +0 ring mail.
   210 | D:1      | 210 ||| DROPPING +0 leather armour.
   211 | D:1      | 211 ||| DROPPING ring of wizardry.
   212 | D:1      | 212 ||| READING scroll labelled CIBILOFEMU.
   213 | D:1      | 213 ||| READING scroll labelled RAWIUMMIJYF.
   214 | D:1      | 214 ||| DROPPING scroll of butterflies.
   381 | D:1      | Reached XP level 3. HP: 20/20 MP: 5/5
   653 | D:1      | Reached skill level 7 in Ranged Weapons
   694 | D:1      | 694 ||| UPGRADING to +2 helmet.
   699 | D:1      | 699 ||| UPGRADING to ring of protection from fire.
   700 | D:1      | 700 ||| READING scroll labelled NAERHAASUO.
   701 | D:1      | 701 ||| DRINKING 3 fizzy green potions.
   702 | D:1      | 702 ||| DROPPING 2 potions of attraction.
   709 | D:2      | 709 ||| STAIRDANCE
   938 | D:2      | Reached XP level 4. HP: 21/25 MP: 6/6
  1265 | D:2      | 1265 ||| READING scroll labelled TEPHEKABEH.
  1266 | D:2      | 1266 ||| READING scroll labelled HIOGOIL XETUO.
  1379 | D:3      | 1379 ||| FLEEEEING.
  1380 | D:3      | 1380 ||| FLEEEEING.
  1381 | D:3      | 1381 ||| FLEEEEING.
  1382 | D:3      | 1382 ||| FLEEEEING.
  1393 | D:3      | Reached skill level 8 in Ranged Weapons
  1409 | D:3      | 1409 ||| UPGRADING to amulet of guardian spirit.
  1421 | D:3      | 1421 ||| STAIRDANCE
  1488 | D:3      | 1488 ||| DRINKING 2 puce potions.
  1497 | D:3      | 1497 ||| STAIRDANCE
  1520 | D:2      | Reached XP level 5. HP: 29/29 MP: 7/7
  1896 | D:3      | Found a faded altar of an unknown god.
  1911 | D:3      | Found a transporter.
  1912 | D:3      | Noticed qw's ghost (weakling DEHu)
  1913 | D:3      | Identified the +6 giant club "Orb Guardian's Peril"
                  | {protect, rElec rCorr Stlth+}
  1913 | D:3      | Noticed an ogre
  1914 | D:3      | Noticed an ogre
  1919 | D:3      | Found a transporter.
  2200 | D:3      | 2200 ||| UPGRADING to +0 pair of boots.
  2205 | D:3      | 2205 ||| READING scroll labelled KESAMO XUXKUENY.
  2206 | D:3      | 2206 ||| DRINKING 2 clear potions.
  2207 | D:3      | 2207 ||| DROPPING potion of degeneration.
  2288 | D:4      | Reached skill level 9 in Ranged Weapons
  2308 | D:4      | Found a transporter.
  2310 | D:4      | Noticed qw's ghost (amateur GrFi)
  2395 | D:4      | Found a staircase to the Ecumenical Temple.
  2396 | D:4      | 2396 ||| PLANNING TEMPLE
  2396 | D:4      | 2396 ||| DRINKING 2 silvery potions.
  2405 | Temple   | Entered the Ecumenical Temple
  2451 | Temple   | 2451 ||| PLANNING OKAWARU WORSHIP
  2459 | Temple   | Became a worshipper of Warmaster Okawaru
  2460 | Temple   | 2460 ||| PLANNING D:1-11
  2460 | Temple   | 2460 ||| REMOVING amulet of guardian spirit.
  2465 | Temple   | 2465 ||| DROPPING amulet of guardian spirit.
  2670 | D:4      | Reached skill level 1 in Armour
  2753 | D:4      | Identified the +0 robe of the Enchanted Forest {+Inv rElec
                  | rPois rF-}
  2809 | D:4      | Reached XP level 6. HP: 35/35 MP: 8/8
  2869 | D:4      | 2869 ||| DRINKING 2 fuming amethyst potions.
  2870 | D:4      | 2870 ||| DRINKING 2 metallic golden potions.
  2903 | D:5      | Entered Level 5 of the Dungeon
  2915 | D:5      | Noticed Eustachio
  2930 | D:5      | HP: 4/35 [white imp/puff of frost[Eustachio] (5)]
  2930 | D:5      | Killed from afar by a white imp

Levels and vault maps discovered:
D:1:      mrwooster_arrival_statue_2, layout_loops_ring, grunt_decor_cap
D:2:      minmay_alternating_diamond, layout_basic, minmay_crystal_water
D:3:      layout_loops_cross, gammafunk_ghost_smash,
          hellmonk_ecumenical_altar_blasted
D:4:      layout_gridville, minmay_temple_entry_waves,
          gammafunk_ghost_mausoleum, item_on_display_a
D:5:      nicolae_cairo_tiling_large_dashed, layout_basic,
          mainiacjoe_overflow_cross_hatched, uniq_eustachio
Temple:   nicolae_temple_x_marks_the_god

Skill      XL: |  1  2  3  4  5 |
---------------+----------------+-----
Ranged Weapons | 6 7 8 9 |  9.3
Fighting       | 2 |  2.0
Armour         | 1 |  1.2
Dodging        | |  2.4
Stealth        | |  1.2

Action                     |  1- 3 |  4- 6 || total
---------------------------+-------+-------++-------
   Fire: Shortbow          |   120 |   135 ||   255
    Use: Scroll            |     3 |     3 ||     6
         Potion            |     1 |     5 ||     6
 Armour: Ring mail         |    19 |    22 ||    41
         Leather armour    |     1 |       ||     1
  Dodge: Dodged            |    29 |    37 ||    66

Table legend:
 A = Non-vault XP
 B = Vault XP
 C = Vault XP percentage of total XP
 D = Non-vault monster count
 E = Vault monster count
 F = Vault count percentage of total count
                 A         B        C        D         E       F
            +---------+---------+-------+---------+---------+-------
      Total |     437 |       6 |   1.4 |      92 |       4 |   4.2
            +---------+---------+-------+---------+---------+-------
        D:1 |      78 |       0 |   0.0 |      36 |       0 |   0.0
        D:2 |      96 |       6 |   5.9 |      18 |       4 |  18.2
        D:3 |      89 |       0 |   0.0 |      22 |       0 |   0.0
        D:4 |     134 |       0 |   0.0 |      15 |       0 |   0.0
        D:5 |      40 |       0 |   0.0 |       1 |       0 |   0.0
            +---------+---------+-------+---------+---------+-------
